 Dungeon Crawl Stone Soup version 0.31.0-9-g3a7656b989 (webtiles) character file.

Game seed: 10321374598297331882

143 GameOver the Sneak (level 5, 0/63 HPs)
             Began as a Naga Alchemist on Jan 29, 2024.
             Slain by a gnoll bouda
             ... wielding a +0 club
              (7 damage)
             ... on level 4 of the Dungeon.
             The game lasted 00:13:19 (2304 turns).

GameOver the Sneak (Naga Alchemist)                 Turns: 2304, Time: 00:13:19

Health: 0/63       AC: 22    Str: 10    XL:     5   Next: 25%
Magic:  1/8        EV:  1    Int: 17    God:
Gold:   112        SH:  0    Dex: 12    Spells: 2/8 levels left

rFire   . . .        c - +0 spear
rCold   . . .        (no shield)
rNeg    . . .        a - melded +0 robe
rPois   +            (helmet currently unavailable)
rElec   .            i - melded +0 cloak
rCorr   .            (gloves currently unavailable)
SInv    +            (no barding)
Will    +....        (no amulet)
Stlth   +++          (no ring)
HPRegen 0.30/turn    (no ring)
MPRegen 0.11/turn

%: no passive effects
@: short of breath, tree-form, enlightened
A: stationary, stasis, torment immunity, boosted hp, AC +1, large, see
invisible, (deformed body), (poison resistance), (slowness 2), spit poison 1,
(naga tail 1)
a: Spit Poison


You were on level 4 of the Dungeon.
You were a tree.
You visited 1 branch of the dungeon, and saw 4 of its levels.

You collected 112 gold pieces.

Inventory:

Hand Weapons
 c - a +0 spear (weapon)
Armour
 a - a +0 robe (melded)
 i - a +0 cloak (melded)
Magical Staves
 d - a staff of cold
Scrolls
 e - 2 scrolls of identify {unknown}
 g - 2 scrolls of revelation {unknown}
 h - a scroll of butterflies {unknown}
 l - a scroll of vulnerability {unknown}
 m - a scroll of acquirement {unknown}
 n - a scroll of torment {unknown}
Potions
 b - a potion of magic
 f - a potion of enlightenment
 k - a potion of curing


   Skills:
 - Level 1.5 Dodging
 * Level 5.4 Stealth
 + Level 2.1 Spellcasting
 + Level 1.7 Conjurations
 + Level 1.3 Air Magic
 * Level 5.2 Alchemy


You had 2 spell levels left.
You knew the following spells:

 Your Spells              Type           Power      Damage    Failure   Level
a - Sting                 Conj/Alch      52%        1d6       4%          1
d - Mephitic Cloud        Conj/Alch/Air  11%        N/A       19%         3
s - Mercury Vapours       Alch/Air       24%        N/A       8%          2

Your spell library contained the following spells:

 Spells                   Type           Power      Damage    Failure   Level
 Call Imp                 Summ           2%         N/A       28%         2
 Sublimation of Blood     Necr           1%         N/A       28%         2
 Olgreb's Toxic Radiance  Alch           19%        N/A       22%         4
 Sticky Flame             Fire/Alch      10%        2d5       54%         4
 Summon Hydra             Summ           0%         N/A       100%        7


Dungeon Overview and Level Annotations

Branches:
Dungeon (3/15)

Altars:


Innate Abilities, Weirdness & Mutations

You are a tree.
Your roots penetrate the ground, keeping you stationary.
You cannot be teleported.
You are immune to unholy pain and torment.
Your maximum health is greatly increased.
Your equipment is partially melded.
((Your serpentine skin is tough. (AC +1)))
You have supernaturally acute eyesight. (SInv)
((Armour fits poorly on your strangely shaped body.))
((Your system is resistant to poisons. (rPois)))
((You cover ground very slowly.))
You can spit poison.
((You have a snake-like lower body.))


Message History

The sting hits the gnoll bouda but does no damage.
The gnoll bouda looks even sicker.
The gnoll bouda is heavily wounded.
The gnoll bouda hits you with a +0 club.
Unknown command.
You hit the gnoll bouda but do no damage.
The gnoll bouda is heavily wounded.
The gnoll bouda closely misses you.
You hit the gnoll bouda but do no damage.
The gnoll bouda is heavily wounded.
The gnoll bouda closely misses you.
You completely miss the gnoll bouda.
The gnoll bouda is severely wounded.
The gnoll bouda closely misses you.
You hit the gnoll bouda but do no damage.
The gnoll bouda is severely wounded.
You have got your breath back.
The gnoll bouda hits you with a +0 club!
Aiming: Spit Poison (1% risk of failure)
Press: ? - help, Shift-Dir - straight line, f/p - gnoll bouda
Aim: a gnoll bouda, wielding a +0 club and wearing a +2 leather armour of poison resistance (severely wounded, poisoned, 65% to hit)
The splash of poison hits the gnoll bouda but does no damage.
The gnoll bouda looks even sicker.
The gnoll bouda is severely wounded.
Your attacks no longer feel as feeble.
The gnoll bouda hits you with a +0 club.
* * * LOW HITPOINT WARNING * * *
The gnoll bouda hits you with a +0 club.
* * * LOW HITPOINT WARNING * * *
It was a potion of lignification.
You turn into a tree.
Your +0 cloak melds into your body.
Your +0 robe melds into your body.
Your roots penetrate the ground.
The gnoll bouda mumbles some strange prayers to its god.
The gnoll bouda is healed somewhat.
You can't do that yet.
Unknown command.
You barely miss the gnoll bouda.
The gnoll bouda is heavily wounded.
The gnoll bouda hits you with a +0 club!
You die...

#. ##### ## #..
##...######..
#.# #.....##...
##.#
##.).†♣g#.###
#..#
##..###......##
#..###..##
#..#....#
#..##...#
#..#....#
#......##
#..##...#
#.....##
#...####..
##....## #...).
.... ##....##
#......#/...#
#.....##
##.....##....


You could see a gnoll bouda (very poisoned).

Vanquished Creatures
  A bombardier beetle (D:4)
  5 adders
  3 dart slugs
  An orc (D:4)
  4 bats
  6 endoplasms
  2 giant cockroaches (D:1)
  5 goblins
  5 hobgoblins
  2 jackals (D:2)
  5 quokkas
  5 ball pythons
  2 frilled lizards (D:2)
  4 kobolds
  3 rats
53 creatures vanquished.

Notes
Turn   | Place    | Note
-------+----------+-------------------------------------------
     0 | D:1      | GameOver the Naga Alchemist began the quest for the Orb.
     0 | D:1      | Reached XP level 1. HP: 15/15 MP: 3/3
   223 | D:1      | Reached XP level 2. HP: 16/22 MP: 0/5
   390 | D:1      | Found a faded altar of an unknown god.
   480 | D:1      | Learned a level 2 spell: Mercury Vapours
   783 | D:2      | Reached XP level 3. HP: 28/28 MP: 6/6
  1124 | D:2      | Reached XP level 4. HP: 36/36 MP: 4/7
  1311 | D:2      | Reached skill level 1 in Air Magic
  1441 | D:2      | Reached skill level 5 in Stealth
  1445 | D:2      | Learned a level 3 spell: Mephitic Cloud
  2111 | D:3      | You fall into a shaft and drop 1 floor!
  2140 | D:4      | Reached skill level 5 in Alchemy
  2246 | D:4      | Reached XP level 5. HP: 42/42 MP: 4/8
  2304 | D:4      | Slain by a gnoll bouda

Illustrated notes

Levels and vault maps discovered:
D:1:      dpeg_arrival_long_road, layout_basic,
          hellmonk_ecumenical_altar_heavens_door
D:2:      layout_basic, serial_forest, infiniplex_forest_lined_3,
          infiniplex_forest_clump_curved, infiniplex_forest_lined_3_way,
          infiniplex_forest_join, infiniplex_forest_lined_corner,
          infiniplex_forest_join, infiniplex_forest_clump_small,
          infiniplex_forest_end_1, infiniplex_forest_fountain
D:3:      layout_basic, nemelex_xobeh_ov_fountains_minmay, serial_shops,
          shop_statue
D:4:      layout_layer_cave, chequers_serial_rivers_micro_c,
          columned_hall_lemuel, minmay_bent

Skill      XL: |  1  2  3  4 |
---------------+-------------+-----
Alchemy        | 4 5 |  5.2
Stealth        | 4 5 |  5.4
Air Magic      | 1 |  1.3
Dodging        | |  1.5
Spellcasting   | |  2.1
Conjurations   | |  1.7

Action                     |  1- 3 |  4- 6 || total
---------------------------+-------+-------++-------
  Melee: Spear             |     8 |    20 ||    28
   Cast: Sting             |    19 |    27 ||    46
         Mercury Vapours   |     2 |     4 ||     6
Ability: Spit Poison       |    33 |    24 ||    57
    Use: Potion            |       |     3 ||     3
   Stab: Sleeping          |       |     2 ||     2
 Armour: Robe              |    12 |    27 ||    39
         Skin              |       |     1 ||     1
  Dodge: Dodged            |     7 |    19 ||    26
